 Dungeon Crawl Stone Soup version 0.28.0-53-g5a82cb258f (webtiles) character file.

Game seed: 2119858851624373791

479 Revguard the Ducker (level 6, -11/47 HPs)
             Began as a Demonspawn Gladiator on July 8, 2022.
             Killed by divine providence
             ... invoked by an orc priest
              (14 damage)
             ... on level 4 of the Dungeon.
             The game lasted 00:05:54 (3353 turns).

Revguard the Ducker (Demonspawn Gladiator)          Turns: 3353, Time: 00:05:55

Health: -11/47     AC:  6    Str: 22    XL:     6   Next: 86%
Magic:  8/8        EV: 13    Int:  9    God:
Gold:   109        SH:  6    Dex: 15    Spells: 5/5 levels left

rFire   . . .      SeeInvis .   a - +0 long sword
rCold   . . .      Faith    .   (no shield)
rNeg    . . .      Spirit   .   q - +0 steam dragon scales
rPois   .          Reflect  .   c - +0 helmet
rElec   .          Harm     .   (no cloak)
rCorr   .          Rampage  .   (no gloves)
Will    .....                   (no boots)
Stlth   +.........              (no amulet)
HPRegen 0.15/turn               m - +6 ring of strength
MPRegen 0.11/turn               (no ring)

@: no status effects
A: large bone plates 2, foul stench 1, spiny 1
a: no special abilities


You were on level 4 of the Dungeon.
You visited 1 branch of the dungeon, and saw 4 of its levels.

You collected 109 gold pieces.

Inventory:

Hand Weapons
 a - a +0 long sword (weapon)
Missiles
 d - a throwing net (quivered)
Armour
 b - a +0 leather armour
 c - a +0 helmet (worn)
 f - a +0 scale mail
 q - +0 steam dragon scales (worn)
Jewellery
 m - a +6 ring of strength (left hand)
Wands
 l - a wand of paralysis (12)
Scrolls
 e - a scroll of summoning {unknown}
Potions
 g - a potion of lignification {unknown}
 h - a potion of brilliance {unknown}
 i - a potion of curing
 n - a potion of berserk rage {unknown}
 o - a potion of flight {unknown}


   Skills:
 + Level 3.2 Fighting
 + Level 3.5 Long Blades
 - Level 1.7 Throwing
 * Level 3.2 Armour
 + Level 3.7 Dodging
 + Level 3.1 Invocations
 + Level 2.4 Evocations


You had 5 spell levels left.
You didn't know any spells.
Your spell library was empty.

Dungeon Overview and Level Annotations

Branches:
Dungeon (4/15)
 Temple: D:4-7

Altars:

Annotations:
D:4 Blork the orc


Innate Abilities, Weirdness & Mutations

You are mostly covered in large bone plates. (SH +6)
You may rarely emit foul miasma when damaged in melee.
You are partially covered in sharp spines.


Message History

(D) Dungeon
Where to? (Enter - D:4, ? - help)
There is a stone staircase leading up here.
There is a stone staircase leading down here.
You climb downwards.
Found a morningstar and a scroll labelled ZIOH LOTUI.
Found a stone staircase leading down.
There is a stone staircase leading up here.
You see here a +0 morningstar.
e - a scroll labelled ZIOH LOTUI An orc priest comes into view.
It is wielding a +0 dagger.
There is a stone staircase leading down here.
Blork the orc and a jackal come into view.
The jackal barks!
An orc comes into view. It is wielding a +0 hand axe.
The orc moves out of view. 2 orc priests come into view.
Blork the orc shouts!
The orc priest shouts! x2; You hear a bark!
Blork the orc gestures at you while chanting.
The puff of flame misses you.
A jackal comes into view.
You hear a shout!
The orc priest shouts!
The orc priest mumbles some strange prayers to Beogh against you.
Beogh smites you!
The orc shouts!
Blork the orc casts a cantrip, but nothing happens.
The orc priest calls down the wrath of Beogh upon you.
Beogh smites you! You block the jackal's attack.
Blork the orc completely misses you.
Blork the orc gestures at you while chanting.
The puff of flame hits you.
There is a stone staircase leading up here.
Blork the orc gestures at you while chanting.
The magic dart hits you!
* * * LOW HITPOINT WARNING * * *
The orc priest calls down the wrath of Beogh upon you.
Beogh smites you!
You die...

#####
#...#
#...###
#
#).@..#
#.
#..h#.#
#..#o.h#
..
#......#
...
#.###o##
### #
#o# #o.#
#..o.
#o##.#


You could see Blork the orc, 3 orc priests and 2 jackals.

Vanquished Creatures
  A steam dragon (D:4)
  An orc warrior (D:3)
  An ogre (D:3)
  An orc priest (D:3)
  4 adders
  4 gnolls (D:2)
  A worm (D:2)
  4 dart slugs (D:2)
  An orc (D:3)
  3 ball pythons
  5 endoplasms
  A giant cockroach (D:1)
  8 hobgoblins
  3 jackals (D:3)
  A quokka (D:3)
  9 bats
  4 frilled lizards
  2 goblins
  7 kobolds
  3 rats
64 creatures vanquished.

Vanquished Creatures (others)
  An adder skeleton (D:4)
  2 fungi (D:2)
3 creatures vanquished.

Grand Total: 67 creatures vanquished

Notes
Turn   | Place    | Note
-------+----------+-------------------------------------------
     0 | D:1      | Revguard the Demonspawn Gladiator began the quest for the
                  | Orb.
     0 | D:1      | Reached XP level 1. HP: 16/16 MP: 1/1
   321 | D:1      | Gained mutation: You are partially covered in large bone
                  | plates. (SH +4) [demonic ancestry]
   321 | D:1      | Reached XP level 2. HP: 21/22 MP: 2/2
   742 | D:1      | Reached skill level 1 in Armour
   942 | D:2      | Reached skill level 1 in Invocations
  1009 | D:2      | Reached skill level 1 in Evocations
  1009 | D:2      | Gained mutation: You are mostly covered in large bone
                  | plates. (SH +6) [demonic ancestry]
  1009 | D:2      | Reached XP level 3. HP: 11/27 MP: 3/3
  1488 | D:2      | Found a faded altar of an unknown god.
  1581 | D:2      | Gained mutation: You are partially covered in sharp spines.
                  | [demonic ancestry]
  1581 | D:2      | Reached XP level 4. HP: 28/34 MP: 5/5
  2135 | D:3      | Noticed an ogre
  2146 | D:3      | Killed an ogre
  2147 | D:3      | Gained mutation: You may rarely emit foul miasma when
                  | damaged in melee. [demonic ancestry]
  2147 | D:3      | Reached XP level 5. HP: 23/39 MP: 6/6
  2364 | D:3      | Noticed an orc warrior
  2383 | D:3      | Killed an orc warrior
  2384 | D:3      | Reached XP level 6. HP: 4/47 MP: 6/8
  3039 | D:4      | Noticed a steam dragon
  3048 | D:4      | HP: 1/47 [steam dragon] (16)]
  3052 | D:4      | Killed a steam dragon
  3345 | D:4      | Noticed Blork the orc
  3353 | D:4      | Killed from afar by an orc priest

Illustrated notes

Levels and vault maps discovered:
D:1:      nicolae_arrival_memento_mori, layout_loops_ring
D:2:      layout_loops_ring, dreamdust_ecumenical_altar_grove,
          chequers_serial_rivers_room_a
D:3:      layout_rooms, minmay_misc_feat_tiny
D:4:      layout_rooms, uniq_blork_the_orc

Skill      XL: |  1  2  3  4  5  6 |
---------------+-------------------+-----
Armour         | 1 2 3 |  3.2
Invocations    | 1 2 3 |  3.1
Evocations     | 1 2 |  2.4
Dodging        | 3 |  3.7
Long Blades    | 3 |  3.5
Fighting       | 3 |  3.2
Throwing       | |  1.7

Action                   |  1- 3 |  4- 6 || total
-------------------------+-------+-------++-------
Melee: Long sword        |   125 |    76 ||   201
Throw: Throwing net      |       |     3 ||     3
  Use: Potion            |     2 |     1 ||     3
       Scroll            |       |     4 ||     4
Armor: Scale mail        |    76 |    21 ||    97
       Leather armour    |     4 |       ||     4
Dodge: Dodged            |   118 |    38 ||   156
Block: Other             |    23 |    26 ||    49
